 Dungeon Crawl Stone Soup version 0.32-a0-411-g744942f433 (webtiles) character file.

Game seed: 9519461685445080800

597 Bobbunny the Trooper (level 7, -2/56 HPs)
             Began as a Coglin Hexslinger on Feb 21, 2024.
             Was an Initiate of Gozag.
             Slain by a two-headed ogre
             ... wielding a +0 giant club
              (10 damage)
             ... on level 5 of the Dungeon.
             The game lasted 00:04:48 (3731 turns).

Bobbunny the Trooper (Coglin Hexslinger)            Turns: 3731, Time: 00:04:48

Health: -2/56      AC:  5    Str:  9    XL:     7   Next: 40%
Magic:  8/8        EV: 13    Int: 12    God:    Gozag
Gold:   92         SH:  5    Dex: 18    Spells: 8/8 levels left

rFire   + . .        a - +2 sling {Rubén}
rCold   . . .        h - +0 sling {Suthep}
rNeg    . . .        c - +0 robe
rPois   .            g - +1 helmet
rElec   .            e - +0 cloak
rCorr   .            (no gloves)
SInv    .            (no boots)
Will    .....        n - amulet of reflection
Stlth   ++           x - ring of protection from fire
HPRegen 0.29/turn    (no ring)
MPRegen 0.11/turn

%: reflection
@: revved
A: off-hand wielding, slow wielding, warmup strikes, legs shutdown
a: Renounce Religion, Potion Petition, Call Merchant, Bribe Branch


You were on level 5 of the Dungeon.
You worshipped Gozag.
Gozag was noncommittal.
You visited 2 branches of the dungeon, and saw 6 of its levels.

You collected 156 gold pieces.
You paid 64 gold pieces to Gozag.

Inventory:

Hand Weapons
 a - a +2 sling (weapon) {Rubén}
 h - a +0 sling (offhand) {Suthep}
Missiles
 s - a throwing net
 B - 5 atropa-tipped darts
Armour
 c - a +0 robe (worn)
 e - a +0 cloak (worn)
 g - a +1 helmet (worn)
 r - a +0 leather armour
 y - a +0 leather armour
Jewellery
 n - an amulet of reflection (around neck)
 o - an amulet of faith
 x - a ring of protection from fire (left grasper)
Scrolls
 b - 3 scrolls of poison
 f - a scroll of teleportation
 p - a scroll of enchant armour
 u - 4 scrolls of amnesia {unknown}
 v - a scroll of enchant weapon
 w - 2 scrolls of blinking
 z - a scroll of identify
Potions
 d - a potion of berserk rage
 i - 3 potions of lignification
 j - a potion of might {unknown}
 k - a potion of degeneration {unknown}
 l - 2 potions of enlightenment {unknown}
 m - a potion of invisibility {unknown}
 q - a potion of brilliance
 t - a potion of curing
 A - a potion of haste {unknown}


   Skills:
 + Level 5.1 Fighting
 + Level 4.9 Ranged Weapons
 - Level 3.0 Dodging
 - Level 1.0 Spellcasting
 - Level 2.6 Hexes
 - Level 0.8 Fire Magic


You had 8 spell levels left.
You didn't know any spells.
Your spell library contained the following spells:

 Spells                   Type           Power      Damage    Failure   Level
 Jinxbite                 Hex            14%        N/A       16%         2
 Sigil of Binding         Hex            7%         N/A       30%         3
 Call Imp                 Summ           0%         N/A       41%         2
 Sublimation of Blood     Necr           0%         N/A       41%         2
 Inner Flame              Hex/Fire       4%         N/A       41%         3
 Cause Fear               Hex            3%         N/A       69%         4
 Dimensional Bullseye     Hex/Tloc       1%         N/A       86%         4
 Summon Hydra             Summ           0%         N/A       100%        7


Dungeon Overview and Level Annotations

Branches:
Dungeon (5/15)             Temple (1/1) D:5

Altars:
Cheibriados
Gozag
Hepliaklqana
Kikubaaqudgha
Makhleb
Nemelex Xobeh
Uskayaw
Vehumet
Wu Jian
Zin


Innate Abilities, Weirdness & Mutations

You can wield a second weapon in your off-hand.
It takes a long time for you to wield or remove held weapons.
Your first few attacks do less damage.
Attacking and casting redirects power from your legs.


Message History

The two-headed ogre is heavily wounded.
You shoot a sling bullet.
The sling bullet hits the two-headed ogre.
The two-headed ogre is heavily wounded.
The wight hits you with a +0 morningstar!
The two-headed ogre closely misses you. The two-headed ogre barely misses you.
You shoot a sling bullet.
The sling bullet hits the two-headed ogre but does no damage.
The two-headed ogre is heavily wounded.
You shoot a sling bullet.
The sling bullet hits the two-headed ogre but does no damage.
The two-headed ogre is heavily wounded.
You block the wight's attack.
The two-headed ogre hits you with a +0 giant club!
The two-headed ogre misses you.
You shoot a sling bullet.
The sling bullet hits the two-headed ogre!
The two-headed ogre is heavily wounded.
You shoot a sling bullet.
The sling bullet barely misses the two-headed ogre.
The wight misses you. You block the wight's attack.
The two-headed ogre barely misses you.
The two-headed ogre hits you with a +0 giant club!
You shoot a sling bullet.
The sling bullet hits the two-headed ogre.
The two-headed ogre is severely wounded.
You shoot a sling bullet.
The sling bullet hits the two-headed ogre.
The two-headed ogre is severely wounded.
The wight closely misses you.
You shoot a sling bullet.
The sling bullet hits the two-headed ogre.
The two-headed ogre is almost dead.
You shoot a sling bullet.
The sling bullet barely misses the two-headed ogre.
The two-headed ogre hits you with a +0 giant club!!
* * * LOW HITPOINT WARNING * * *
The two-headed ogre hits you with a +0 giant club!
You die...
Your body crumbles into a pile of gold.

# #. .# # #.#.
..# #.#.#. ..#
......# #.#
#......###[.#
+..........#
#....Oz....#
#.....@....#
#.$.^......#
###+####'###
#.####.#
#....#.#
##....#.#####.
#.....<........
#.#............
#............(.


You could see a two-headed ogre and a wight.

Vanquished Creatures
  A wraith (D:5)
  An ogre (D:3)
  A jelly (D:4)
  Natasha (D:2)
  2 orc wizards (D:3)
  Robin (D:2)
  6 adders
  4 gnolls (D:2)
  2 ribbon worms (D:2)
  6 orcs
  9 ball pythons
  9 bats
  2 endoplasms
  5 giant cockroaches
  10 goblins
  12 hobgoblins
  3 jackals (D:3)
  3 kobolds
  3 quokkas
  5 frilled lizards
  3 rats
89 creatures vanquished.

Notes
Turn   | Place    | Note
-------+----------+-------------------------------------------
     0 | D:1      | Bobbunny the Coglin Hexslinger began the quest for the Orb.
     0 | D:1      | Reached XP level 1. HP: 15/15 MP: 2/2
   268 | D:1      | Reached XP level 2. HP: 21/21 MP: 3/3
   353 | D:1      | Reached skill level 2 in Fighting
   596 | D:1      | Reached XP level 3. HP: 27/27 MP: 4/4
   841 | D:2      | Found a faded altar of an unknown god.
  1093 | D:2      | Reached XP level 4. HP: 34/34 MP: 5/5
  1127 | D:2      | Reached skill level 3 in Fighting
  1347 | D:2      | Reached XP level 5. HP: 39/41 MP: 6/6
  1743 | D:2      | Noticed Natasha
  1759 | D:2      | Killed Natasha
  1852 | D:2      | Noticed Robin
  1860 | D:2      | Killed Robin
  1914 | D:3      | Found a faded altar of an unknown god.
  2279 | D:3      | Found a hide-covered altar of Uskayaw.
  2311 | D:3      | Noticed an ogre
  2326 | D:3      | Killed an ogre
  2327 | D:3      | Reached skill level 4 in Fighting
  2327 | D:3      | Reached XP level 6. HP: 48/48 MP: 7/7
  3398 | D:4      | Reached XP level 7. HP: 55/55 MP: 8/8
  3413 | D:4      | Found a snail-covered altar of Cheibriados.
  3550 | D:5      | Entered Level 5 of the Dungeon
  3550 | D:5      | Found a staircase to the Ecumenical Temple.
  3603 | Temple   | Entered the Ecumenical Temple
  3629 | Temple   | Became a worshipper of Gozag Ym Sagoz the Greedy
  3683 | D:5      | Noticed a wraith
  3702 | D:5      | Killed a wraith
  3703 | D:5      | Reached skill level 5 in Fighting
  3720 | D:5      | Noticed a two-headed ogre
  3731 | D:5      | Slain by a two-headed ogre

Illustrated notes

Levels and vault maps discovered:
D:1:      dpeg_arrival_round_a, layout_basic, serial_bayou_ford_a
D:2:      layout_basic, ebering_ecumenical_altar_sacrificial, uniq_natasha,
          uniq_robin
D:3:      layout_basic, nicolae_overflow_ecumenical_swirl,
          nicolae_uskayaw_murder_on_the_dancefloor, dk_noncrumbling_4,
          grunt_ministairs_4
D:4:      layout_loops_ring, lemuel_crystal_altar, serial_glass,
          glass_columns_a, glass_columns_a, glass_columns_b, glass_columns_b,
          glass_columns_a, glass_columns_b, minmay_fountain_box
D:5:      wander_guarded_unrand_ratskin, layout_basic,
          minmay_temple_entry_statues_fountains, minmay_manual_maat, uniq_pikel
Temple:   nicolae_temple_colour_theory

Skill      XL: |  1  2  3  4  5  6  7 |
---------------+----------------------+-----
Ranged Weapons | 2 3 4 |  4.9
Fighting       | 2 3 4 5 |  5.1
Dodging        | 2 3 |  3.0
Spellcasting   | |  1.0
Hexes          | |  2.6
Fire Magic     | |  0.8

Action                     |  1- 3 |  4- 6 |  7- 9 || total
---------------------------+-------+-------+-------++-------
  Melee: Dagger            |       |     3 |       ||     3
         Sling             |       |     3 |       ||     3
   Fire: Sling             |    83 |   261 |    74 ||   418
  Throw: Throwing net      |       |     2 |       ||     2
    Use: Scroll            |       |     9 |       ||     9
 Armour: Robe              |    13 |    85 |    14 ||   112
  Dodge: Dodged            |    21 |    61 |    13 ||    95
  Block: Other             |     4 |    30 |     3 ||    37
         Reflection        |       |     2 |       ||     2

Table legend: (Time is in decaauts)
 A = Elapsed time spent in this place.
 B = Non-inter-level travel time spent in this place.
 C = Inter-level travel time spent in this place.
 D = Time resting spent in this place.
 E = Time spent auto-exploring this place.
 F = Levels seen in this place.
 G = Mean time per level.
                   A        B        C        D        E       F      G
               +--------+--------+--------+--------+--------+-----+--------+
         Total |   3831 |   3557 |    274 |    189 |   2676 |   6 |  638.5 |
       Dungeon |   3797 |   3553 |    244 |    189 |   2676 |   5 |  759.4 |
        Temple |     33 |      3 |     30 |      0 |      0 |   1 |   33.0 |
               +--------+--------+--------+--------+--------+-----+--------+

Top non-repeatable levels by time:
     D:2: 1090 daAuts
     D:3: 1007 daAuts
     D:1: 838 daAuts
     D:4: 698 daAuts
     D:5: 162 daAuts
  Temple: 33 daAuts
